 Dungeon Crawl Stone Soup version 0.26.1-11-gd32895ea62 (webtiles) character file.

Game seed: 9245591887225428077

127 Eitelfritz the Slasher (level 4, -4/34 HPs)
             Began as a Demonspawn Gladiator on Apr 24, 2021.
             Slain by Grinder (6 damage)
             ... on level 3 of the Dungeon.
             The game lasted 00:04:54 (3121 turns).

Eitelfritz the Slasher (Demonspawn Gladiator)       Turns: 3121, Time: 00:04:54

Health: -4/34      AC:  7    Str: 15    XL:     4   Next: 85%
Magic:  0/4        EV: 12    Int:  9    God:
Gold:   81         SH:  0    Dex: 15    Spells: 3/3 levels left

rFire    . . .     SeeInvis .   a - +0 long sword
rCold    . . .     Faith    .   (no shield)
rNeg     . . .     Spirit   +   l - +0 ring mail
rPois    .         Reflect  .   c - +0 helmet
rElec    .         Harm     .   (no cloak)
rCorr    .         Rampage  .   e - +0 pair of gloves
Will     .....                  (no boots)
Stlth    +.........             (no amulet)
HPRegen  0.11/turn              (no ring)
MPRegen  0.09/turn              (no ring)

@: attractive, hasted, very quick
A: claws 1, magic shield
a: no special abilities


You were on level 3 of the Dungeon.
You visited 1 branch of the dungeon, and saw 3 of its levels.

You collected 81 gold pieces.

Inventory:

Hand Weapons
 a - a +0 long sword (weapon)
Missiles
 d - 3 throwing nets (quivered)
 u - 15 poisoned darts
Armour
 b - a +0 leather armour
 c - a +0 helmet (worn)
 e - a +0 pair of gloves (worn)
 l - a +0 ring mail (worn)
 r - a +0 scale mail
Jewellery
 f - an uncursed amulet of magic regeneration {unknown}
Scrolls
 n - 3 scrolls of identify {unknown}
 o - a scroll of magic mapping {unknown}
 p - 5 scrolls of teleportation {unknown}
 q - 2 scrolls of noise {unknown}
 v - a scroll of immolation {unknown}
Potions
 g - a potion of berserk rage {unknown}
 h - a potion of attraction
 i - a potion of haste
 j - a potion of lignification {unknown}
 k - 2 potions of degeneration {unknown}
 m - a potion of curing
 s - a potion of brilliance {unknown}
 t - a potion of mutation {unknown}


   Skills:
 + Level 2.3 Fighting
 + Level 3.8 Long Blades
 + Level 1.8 Throwing
 + Level 1.4 Armour
 + Level 3.4 Dodging
 * Level 0.9 Unarmed Combat


You had 3 spell levels left.
You didn't know any spells.
Your spell library was empty.

Dungeon Overview and Level Annotations

Branches:
Dungeon (3/15)

Altars:
Gozag
Kikubaaqudgha
Qazlal

Annotations:
D:3 Grinder


Innate Abilities, Weirdness & Mutations

You have sharp fingernails.
When hurt, damage is shared between your health and your magic reserves.


Message History

Grinder is lightly wounded.
Grinder hits you.
* * * LOW HITPOINT WARNING * * *
You writhe in agony.
* * * LOW HITPOINT WARNING * * *
You feel better. Grinder hits you.
You closely miss Grinder.
Grinder is lightly wounded.
Grinder hits you.
* * * LOW HITPOINT WARNING * * *
You writhe in agony.
* * * LOW HITPOINT WARNING * * *
You hit Grinder.
Grinder is moderately wounded.
You barely miss Grinder.
Grinder is moderately wounded.
Grinder hits you!
* * * LOW HITPOINT WARNING * * *
You writhe in agony.
You die...

#.# ##.## #. ##...## .
#.###.....##.#
#..#..!....#.# ######
#....._.....# #.....
#.#...5...# #.....
.##..@..###### #.....
#.##...##....# #.....
..##.##.....# ###+##
#.##........######+##
####..#†.......##.......
#.....#.....### #.......
######...........#
#.......
#.........#......#
#.......
#.........#......#
#.......


You could see Grinder.

Vanquished Creatures
  Robin (D:2)
  3 adders (D:2)
  2 dart slugs
  2 leopard geckos
  An orc (D:3)
  A bat zombie (D:2)
  6 giant cockroaches
  10 hobgoblins
  6 kobolds
  A quokka (D:3)
  A ball python (D:2)
  7 bats
  2 frilled lizards
  23 goblins
  6 rats
  3 rat zombies (D:2)
75 creatures vanquished.

Notes
Turn   | Place    | Note
-------+----------+-------------------------------------------
     0 | D:1      | Eitelfritz the Demonspawn Gladiator began the quest for the
                  | Orb.
     0 | D:1      | Reached XP level 1. HP: 16/16 MP: 1/1
   226 | D:1      | Gained mutation: You have sharp fingernails. [demonic
                  | ancestry]
   226 | D:1      | Reached XP level 2. HP: 22/22 MP: 2/2
  1270 | D:2      | Reached XP level 3. HP: 27/27 MP: 3/3
  1613 | D:2      | Found a stormy altar of Qazlal.
  1641 | D:2      | Reached skill level 1 in Armour
  1744 | D:2      | Gained mutation: When hurt, damage is shared between your
                  | health and your magic reserves. [demonic ancestry]
  1744 | D:2      | Reached XP level 4. HP: 32/33 MP: 4/4
  2342 | D:2      | Noticed Robin
  2450 | D:2      | Killed Robin
  2656 | D:2      | Found an ancient bone altar of Kikubaaqudgha.
  2971 | D:3      | Found an opulent altar of Gozag.
  3097 | D:3      | Noticed Grinder
  3102 | D:3      | Paralysed by Grinder for 3 turns
  3121 | D:3      | Slain by Grinder

Illustrated notes

Levels and vault maps discovered:
D:1:      ncdulo_watergridlock, layout_basic, minmay_worlds_worst_comb
D:2:      layout_loops_ring, lemuel_zombie_altar_kikubaaqudgha,
          old_standard_altar, minmay_stone_trees_small, uniq_robin
D:3:      layout_basic, lemuel_round_altar, minivault_25, uniq_grinder

Skill      XL: |  1  2  3 |
---------------+----------+-----
Dodging        | 3 |  3.4
Long Blades    | 3 |  3.8
Armour         | 1 |  1.4
Fighting       | |  2.3
Throwing       | |  1.8
Unarmed Combat | |  0.9

Action                   |  1- 3 |  4- 6 || total
-------------------------+-------+-------++-------
Melee: Long sword        |    95 |   118 ||   213
       Punch             |       |     1 ||     1
  Use: Potion            |       |     5 ||     5
Armor: Leather armour    |    10 |       ||    10
       Ring mail         |    30 |    39 ||    69
Dodge: Dodged            |    67 |    77 ||   144
       Rpst.: Long sword |    19 |    26 ||    45
